 Dungeon Crawl Stone Soup version 0.16.1-51-g6203257 (webtiles) character file.

9649 dorian the Fighter (level 11, -16/90 HPs)
             Began as a Formicid Abyssal Knight on July 20, 2015.
             Was the Champion of Lugonu.
             Demolished by a komodo dragon (25 damage)
             ... on level 1 of the Lair of Beasts.
             The game lasted 00:34:59 (13619 turns).

dorian the Fighter (Formicid Abyssal Knight)       Turns: 13619, Time: 00:35:00

Health: -16/90     AC: 19    Str: 17    XL:     11   Next: 78%
Magic:  35/35      EV:  9    Int: 13    God:    Lugonu [******]
Gold:   444        SH:  0    Dex: 10    Spells: 0 memorised, 10 levels left

rFire  . . .     SeeInvis +     J - +2 war axe (venom)
rCold  . . .     Clarity  .     B - +3 scale mail of the Dwarven Hall {MP+9}
rNeg   . . .     SustAb   .     (no shield)
rPois  +         Gourm    +     (helmet unavailable)
rElec  .         Spirit   .     (no cloak)
rCorr  .         Warding  .     (no gloves)
rMut   .         Stasis   +     z - +2 pair of boots {Stlth+}
MR     +....                    h - amulet of the gourmand
Stlth  +.........               m - +3 ring of protection
                                P - +2 ring of protection

@: heavily drained, somewhat resistant to hostile enchantments, very unstealthy
A: permanent stasis, dig shafts and tunnels, four strong arms, antennae 3,
deterioration 1, poison resistance, weak 1
a: Dig, Shaft Self, Depart the Abyss, Bend Space, Banish, Corrupt, Enter the
Abyss, Renounce Religion


You were on level 1 of the Lair of Beasts.
You worshipped Lugonu.
Lugonu was exalted by your worship.
You were not hungry.

You visited 2 branches of the dungeon, and saw 10 of its levels.
You visited the Abyss 1 time.
You also visited: Labyrinth.

You collected 565 gold pieces.
You spent 121 gold pieces at shops.

Inventory:

Hand weapons
 f - the cursed +1 dagger of Gajij {drain, +Fly, unknown}
   (You took it off a minotaur in a labyrinth)

   A truly terrible weapon, it drains the life of those it strikes.
   It lets you fly.
   It has a curse placed upon it.
 t - a +4 trident of venom
 F - a +2 falchion of holy wrath
 H - a +0 blowgun
 J - a +2 war axe of venom (weapon)
 K - a +0 executioner's axe
Missiles
 o - 2 tomahawks (quivered)
 w - 3 curare-tipped needles
 A - 8 tomahawks of returning
 G - 25 poisoned needles
Armour
 v - a +1 plate armour of fire resistance
 z - a +2 pair of boots of stealth (worn)
 B - the +3 scale mail of the Dwarven Hall (worn) {MP+9}
   (You found it on level 8 of the Dungeon)

   It affects your magic capacity (+9).
Magical staves
 Q - an uncursed staff of wizardry {unknown}
Rods
 N - a +2 lightning rod (12/12)
   (You found it in a labyrinth)
Jewellery
 h - an amulet of the gourmand (around neck)
 m - a +3 ring of protection (right hand)
 n - an uncursed ring of protection from fire
 I - an uncursed ring of wizardry
 P - a +2 ring of protection (left hand)
Magical devices
 g - a wand of confusion (23)
 q - a wand of confusion (43)
 r - a wand of teleportation (3)
 s - a wand of magic darts (21)
 x - a wand of flame (0)
 y - a wand of draining (0)
 D - a wand of slowing (25)
Scrolls
 b - a scroll of amnesia {unknown}
 d - 3 scrolls of recharging
 i - 4 scrolls of remove curse
 j - 8 scrolls of identify
 k - 2 scrolls of enchant armour
 l - 4 scrolls of teleportation {unknown}
 C - a scroll of fear
 M - a scroll of fog
Potions
 e - 5 potions of curing
Books
 L - a book of Hinderance

   Spells                             Type                      Level
   a - Confusing Touch                Hexes                        2
   b - Confuse                        Hexes                        3
   c - Petrify                        Transmutation/Earth          4
   d - Metabolic Englaciation         Hexes/Ice                    5
   e - Gell's Gravitas                Hexes/Translocation          5
   f - Summon Mana Viper              Hexes/Summoning              5
 O - a book of Conjurations

   Spells                             Type                      Level
   a - Magic Dart                     Conjuration                  1
   b - Searing Ray                    Conjuration                  2
   c - Dazzling Spray                 Conjuration/Hexes            3
   d - Fulminant Prism                Conjuration/Hexes            4
   e - Iskenderun's Mystic Blast      Conjuration                  4
   f - Iskenderun's Battlesphere      Conjuration/Charms           5
Miscellaneous
 a - a box of beasts
Comestibles
 c - 6 bread rations
 p - 2 meat rations
 u - 3 fruits
 E - 11 royal jellies


   Skills:
 + Level 10.1(8.6) Fighting
 + Level 9.8(8.4) Axes
 + Level 10.1(8.7) Armour
 - Level 0.8(0.0) Dodging
 - Level 10.0(8.6) Invocations


You had 10 spell levels left.
You didn't know any spells.

Dungeon Overview and Level Annotations

Branches:
Dungeon (9/15)             Temple (0/1) D:5            Lair (1/8) D:9
    Orc: D:9-12

Altars:
Ashenzari
Dithmenos
Fedhas
Gozag
Kikubaaqudgha
Makhleb
Okawaru
Qazlal
Vehumet
Yredelemnul
The Shining One

Shops:
D:5 [   D:6 (   D:7 (

Annotations:
Abyss:1 Grinder, Grum, Psyche


Innate Abilities, Weirdness & Mutations

You are under a permanent stasis effect.
You can dig through walls and to a lower floor.
Your four strong arms can wield two-handed weapons with a shield.
You have a pair of large antennae on your head (SInv).
Your body is slowly deteriorating.
Your system is resistant to poisons.
You are weak. (Str -2)


Message History

You hit the komodo dragon.
The komodo dragon is heavily wounded.
The komodo dragon closely misses you.
You hit the komodo dragon.
The komodo dragon is heavily wounded.
The komodo dragon bites you!
You hit the komodo dragon but do no damage.
The komodo dragon is severely wounded.
The sound of falling rocks suddenly begins to subside.
The komodo dragon bites you!
* * * LOW HITPOINT WARNING * * *
You are too injured to fight recklessly!
You hit the komodo dragon.
The komodo dragon is severely wounded.
The komodo dragon bites you!
* * * LOW HITPOINT WARNING * * *
You hit the komodo dragon.
The komodo dragon is almost dead.
The komodo dragon bites you!!
You die...

#. # ##...##.# #
...#. ##..#####. .#
#..##....# ## #.
#.......### # ##.
##...##...# ..
##..####.## #.##
##..####.## ##.l#
#...#.##.. #..@#
##...###.. ....##...#
###..P##.
#.......######
#...#..
####.........##
##.....
#....##....#####.....
##...####...#.#......
#...#######.....####.
#...##.#.#...#### ..
##..........## #..


You could see a komodo dragon.

Vanquished Creatures
  A minotaur (Lab)
  Erolcha (D:8)
  Prince Ribbit (D:8)
  A two-headed ogre (D:9)
  A wyvern (D:9)
  6 yaks (D:9)
  3 hippogriffs
  6 hungry ghosts
  3 wolves (D:8)
  Menkaure (D:6)
  2 orc warriors
  2 water moccasins
  2 sky beasts
  2 black bears
  6 centaurs
  A phantom (D:8)
  An ice beast (D:9)
  3 boring beetles (D:9)
  3 ogres
  Sigmund (D:6)
  Duvessa (D:6)
  2 big kobolds
  A water moccasin zombie (D:9)
  4 giant frogs
  3 scorpions
  8 killer bees
  A spriggan skeleton (Lab)
  A troll skeleton (Lab)
  3 wights (D:6)
  4 goliath beetles (D:6)
  Dowan (D:6)
  3 crimson imps
  A giant frog zombie (D:8)
  A quasit (D:5)
  7 hounds
  A wasp zombie (D:8)
  2 orc priests
  4 jellies
  7 orc wizards
  4 centaur skeletons
  5 iguanas
  Natasha (twice) (D:5)
  8 worker ants
  A worker ant zombie (D:6)
  7 gnolls
  16 adders
  3 shadow imps
  A giant mite (D:9)
  6 worms
  An adder skeleton (D:5)
  29 orcs
  4 ball pythons
  22 bats
  2 bat skeletons
  14 goblins
  9 hobgoblins
  9 jackals
  29 kobolds
  5 oozes (D:9)
  3 quokkas
  5 giant cockroaches
  4 giant geckos
  6 giant newts
  A quokka zombie (D:7)
  17 rats
  A ballistomycete (D:7)
316 creatures vanquished.

Vanquished Creatures (others)
  A wolf (D:7)
  An orc warrior (D:6)
  A centaur (D:7)
  An orc (D:9)
  A hobgoblin (D:7)
  2 giant spores (D:7)
  A ballistomycete (D:7)
8 creatures vanquished.

Grand Total: 324 creatures vanquished

Notes
Turn   | Place    | Note
--------------------------------------------------------------
     0 | Abyss:1  | dorian, the Formicid Abyssal Knight, began the quest for the Orb.
     0 | Abyss:1  | Reached XP level 1. HP: 18/18 MP: 1/1
     1 | Abyss:1  | Found a corrupted altar of Lugonu.
    69 | Abyss:1  | Noticed a flayed ghost
    99 | Abyss:1  | Noticed a worldbinder
   105 | Abyss:1  | Noticed a deep elf priest
   107 | Abyss:1  | Noticed a deep elf priest
   107 | Abyss:1  | Noticed a deep elf fighter
   107 | Abyss:1  | Noticed a deep elf fighter
   117 | D:1      | Escaped the Abyss
   659 | D:1      | Reached XP level 2. HP: 22/24 MP: 3/3
   828 | D:1      | Acquired Lugonu's first power
  1102 | D:1      | Reached XP level 3. HP: 22/29 MP: 6/6
  2312 | D:2      | Reached XP level 4. HP: 35/35 MP: 8/8
  2480 | D:2      | Found a blossoming altar of Fedhas.
  2501 | D:2      | Found an ancient bone altar of Kikubaaqudgha.
  2552 | D:2      | Found a stormy altar of Qazlal.
  2833 | D:2      | Reached skill level 4 in Invocations
  2853 | D:2      | Acquired Lugonu's second power
  3087 | D:3      | Reached XP level 5. HP: 33/41 MP: 11/11
  3381 | D:3      | Found a glowing golden altar of the Shining One.
  3470 | D:3      | Reached skill level 5 in Invocations
  3712 | D:3      | Reached XP level 6. HP: 45/47 MP: 11/13
  3770 | D:3      | Acquired Lugonu's third power
  3906 | D:4      | Reached skill level 6 in Invocations
  4553 | D:4      | Reached skill level 7 in Invocations
  4553 | D:4      | Reached XP level 7. HP: 46/52 MP: 18/18
  4951 | D:5      | Entered Level 5 of the Dungeon
  5189 | D:5      | Acquired Lugonu's fourth power
  5402 | D:5      | Reached skill level 8 in Invocations
  5451 | D:5      | Found Zuygevey's Antique Armour Emporium.
  5460 | D:5      | Bought a pair of glowing boots for 121 gold pieces
  5632 | D:5      | Found a staircase to the Ecumenical Temple.
  5803 | D:5      | Noticed Natasha
  5811 | D:5      | Killed Natasha
  5811 | D:5      | Reached skill level 9 in Invocations
  5836 | D:5      | Reached XP level 8. HP: 39/58 MP: 22/22
  5991 | D:6      | Noticed Sigmund
  6003 | D:6      | Killed Sigmund
  6099 | D:6      | Reached skill level 10 in Invocations
  6131 | D:6      | Noticed Menkaure
  6153 | D:5      | Noticed Natasha
  6160 | D:5      | Killed Natasha
  6341 | D:5      | Gained mutation: Your body is slowly deteriorating. [potion of mutation]
  6341 | D:5      | Gained mutation: You are weak. (Str -2) [potion of mutation]
  6341 | D:5      | Gained mutation: Your system is resistant to poisons. [potion of mutation]
  6368 | D:6      | Killed Menkaure
  6615 | D:6      | Noticed Grinder
  6618 | D:6      | Found Konkapa's Weapon Shop.
  6619 | D:6      | Banished Grinder
  6740 | D:6      | Reached skill level 5 in Axes
  6963 | D:6      | Reached XP level 9. HP: 66/66 MP: 23/23
  7119 | D:6      | Reached skill level 5 in Fighting
  7158 | D:6      | Acquired Lugonu's fifth power
  7185 | D:6      | Found a shadowy altar of Dithmenos.
  7393 | D:6      | Noticed Duvessa
  7394 | D:6      | Noticed Dowan
  7414 | D:6      | Killed Duvessa
  7425 | D:6      | Killed Dowan
  7425 | D:6      | Reached skill level 5 in Armour
  8354 | D:7      | Found a shattered altar of Ashenzari.
  8369 | D:7      | Found an iron altar of Okawaru.
  8611 | D:8      | Noticed Prince Ribbit
  8615 | D:8      | Noticed Grum
  8624 | D:8      | Killed Prince Ribbit
  8624 | D:8      | Reached XP level 10. HP: 31/77 MP: 25/25
  8625 | D:8      | Banished Grum
  9002 | D:7      | Found Apyr Klao's Antique Weapon Boutique.
  9468 | D:7      | Found a burning altar of Makhleb.
  9468 | D:7      | Found a radiant altar of Vehumet.
  9802 | D:8      | Noticed Psyche
  9803 | D:8      | Banished Psyche
 10090 | D:8      | Noticed Erolcha
 10102 | D:8      | Killed Erolcha
 10464 | D:8      | Got a bloodstained scale mail
 10635 | D:8      | Found an opulent altar of Gozag.
 10777 | D:8      | Reached XP level 11. HP: 85/87 MP: 26/26
 10872 | D:8      | Identified the +3 scale mail of the Dwarven Hall {MP+9} (You found it on level 8 of the Dungeon)
 10942 | D:9      | Found a staircase to the Lair.
 12732 | D:9      | Found a basalt altar of Yredelemnul.
 12877 | Lair:1   | Entered Level 1 of the Lair of Beasts
 12929 | Lair:1   | Found a labyrinth entrance.
 12941 | Lab      | Entered a labyrinth
 13228 | Lab      | Noticed a minotaur
 13244 | Lab      | Killed a minotaur
 13244 | Lab      | Reached skill level 10 in Fighting
 13244 | Lab      | Reached skill level 10 in Armour
 13246 | Lab      | Got a sapphire dagger {drain}
 13619 | Lair:1   | Demolished by a komodo dragon

Action                   |  1- 3 |  4- 6 |  7- 9 | 10-12 || total
-------------------------+-------+-------+-------+-------++-------
Melee: Hand axe          |    94 |    29 |       |       ||   123
       Trident           |       |   160 |   409 |   241 ||   810
       War axe           |       |       |       |   313 ||   313
Throw: Tomahawk          |     6 |     4 |     1 |     9 ||    20
Invok: Depart the Abyss  |     1 |       |       |       ||     1
       Banish            |       |       |     3 |     3 ||     6
  Use: Potion            |       |       |    12 |     2 ||    14
       Scroll            |       |       |    10 |     1 ||    11
  Eat: Chunk             |     3 |     7 |    12 |    23 ||    45
       Beef jerky        |     1 |       |       |       ||     1
       Fruit             |       |       |     4 |       ||     4
       Meat ration       |       |       |       |     1 ||     1
